Map: Oxide LE

Players

DPGDark (Dark)

  • Race: Zerg Zerg
  • League: Master

Dream - Winner!

  • Race: Terran Terran
  • League: Master

Event: DreamHack SC2 Masters 2021 Winter

VOD

Have the link to the VOD?

Description

Time

  • Played on: Sept. 22, 2021, 3:37 a.m.
  • Length: 29:19

All games in this series

Show
View Real Time Build Order
Export as new Build Order

DPGDark Zerg 

Build Orders: Hatch First, Lurkers 

Get SALT Encoding   

  12  0:00  Drone  
  13  0:12  Overlord  
  13  0:17  Drone  
  14  0:30  Drone  
  14  0:31  Drone  
  16  0:48  Hatchery  
  15  0:51  Drone  
  15  0:55  Drone  
  17  0:59  Drone  
  18  1:10  Extractor  
  17  1:14  Spawning Pool  
  17  1:16  Drone  
  17  1:20  Drone  
  18  1:30  Drone  
  19  1:41  Drone  
  20  1:52  Drone  
  21  2:00  Queen  
  21  2:01  Queen  
  25  2:03  Zergling x4  
  27  2:11  Zergling x2  
  28  2:17  Overlord  
  28  2:26  Hatchery  
  28  2:27  Spore Crawler  
  26  2:31  Drone x2  
  26  2:36  Drone x2  
  30  2:45  Queen  
  30  2:50  Overlord  
  33  2:51  Drone  
  33  2:55  Metabolic Boost  
  33  3:08  Drone x3  
  33  3:09  Drone  
  33  3:10  Drone x2  
  33  3:12  Drone  
  40  3:19  Overlord  
  40  3:22  Drone  
  40  3:25  Queen  
  43  3:32  Roach Warren  
  42  3:38  Queen  
  42  3:39  Drone  
  45  3:41  Drone  
  45  3:42  Drone  
  45  3:45  Drone  
  45  3:47  Drone x2  
  50  3:51  Overlord  
  50  3:52  Drone  
  51  3:58  Extractor  
  51  3:59  Drone  
  51  4:00  Drone x2  
  51  4:01  Extractor  
  52  4:07  Zergling x8  
  57  4:12  Roach x2  
  57  4:14  Roach  
  63  4:18  Roach x2  
  66  4:25  Extractor  
  66  4:28  Overlord  
  66  4:30  Drone  
  66  4:40  Drone, Spore Crawler x2  
  66  4:41  Drone  
  66  4:44  Lair, Overlord  
  66  4:46  Drone x2  
  66  4:47  Drone  
  66  4:48  Drone  
  66  4:52  Drone x3  
  73  4:55  Drone  
  74  5:01  Overlord  
  74  5:02  Overlord  
  74  5:04  Drone  
  75  5:11  Drone x4  
  75  5:14  Drone x3  
  77  5:15  Drone  
  77  5:17  Drone  
  78  5:23  Drone x3  
  78  5:24  Drone  
  78  5:25  Spore Crawler  
  79  5:29  Roach x2  
  79  5:32  Drone x2  
  85  5:35  Drone  
  85  5:36  Drone  
  85  5:37  Drone  
  85  5:41  Overseer  
  88  5:44  Drone  
  88  5:45  Drone  
  88  5:47  Drone x2, Extractor x2  
  88  5:48  Drone  
  88  5:49  Drone x2  
  93  5:51  Extractor  
  93  5:53  Drone x2, Evolution Chamber  
  93  5:56  Evolution Chamber  
  92  6:00  Drone x2  
  92  6:03  Drone x2  
  92  6:06  Drone x3  
  92  6:07  Drone x3  
  96  6:19  Glial Reconstitution  
  96  6:22  Zerg Missile Weapons Level 1, Zerg Ground Armor Level 1  
  96  6:24  Overlord  
  96  6:28  Infestation Pit  
  96  6:30  Hydralisk Den  
  96  6:31  Roach x3  
  98  6:35  Overlord  
  98  6:36  Overlord  
  98  6:39  Overlord  
  98  6:41  Overlord  
  98  6:43  Roach  
  98  6:45  Roach  
  102  6:49  Hatchery  
  102  6:53  Overlord  
  99  6:56  Roach x5  
  99  6:57  Roach  
  99  7:00  Ravager x3  
  99  7:01  Ravager, Roach  
  115  7:06  Drone  
  117  7:10  Infestor  
  117  7:12  Drone x2  
  117  7:13  Roach x2  
  125  7:28  Drone x5  
  125  7:29  Drone x2  
  119  7:36  Overlord  
  121  7:38  Queen  
  121  7:39  Hive, Overlord x2  
  121  7:40  Lurker Den  
  121  7:41  Overlord  
  120  7:46  Queen, Extractor  
  120  7:49  Spore Crawler, Extractor  
  120  7:51  Infestor  
  121  7:56  Roach x4  
  121  7:57  Overlord x2  
  129  8:06  Roach  
  129  8:07  Roach x5  
  141  8:16  Roach x3  
  141  8:17  Roach x2  
  150  8:22  Zerg Missile Weapons Level 2  
  150  8:24  Overlord  
  150  8:26  Overlord  
  150  8:27  Zergling x2  
  150  8:28  Zergling x4  
  150  8:29  Zergling x4  
  155  8:36  Zerg Ground Armor Level 2  
  155  8:38  Zergling x4, Lurker Den  
  153  8:41  Ravager x2  
  153  8:42  Ravager  
  156  8:52  Zergling x6  
  156  8:53  Zergling x16  
  167  8:59  Drone x2  
  167  9:01  Hydralisk  
  167  9:02  Hydralisk  
  171  9:05  Zergling x4  
  171  9:09  Adaptive Talons  
  173  9:13  Viper x2  
  179  9:21  Roach x4  
  179  9:23  Zergling x2  
  169  9:32  Roach x7  
  169  9:37  Lurker  
  182  9:40  Lurker  
  183  9:47  Zergling x2  
  183  9:58  Zergling x8  
  183  9:59  Zergling x2  
  178  10:04  Zergling x14  
  178  10:07  Seismic Spines  
  180  10:08  Hydralisk x2  
  180  10:09  Hydralisk x2  
  179  10:14  Hydralisk  
  179  10:16  Overlord  
  178  10:21  Spore Crawler  
  178  10:23  Overlord x3  
  175  10:36  Hydralisk x2  
  175  10:37  Hydralisk  
  175  10:38  Lurker x2  
  175  10:39  Overlord  
  175  10:40  Overlord  
  179  10:43  Lurker  
  169  10:55  Hydralisk x4  
  165  10:57  Zergling x4  
  165  11:02  Hydralisk x6  
  158  11:08  Hydralisk x3  
  158  11:10  Lurker x3  
  157  11:15  Hydralisk  
  157  11:17  Zergling x2  
  154  11:18  Hydralisk  
  150  11:29  Hydralisk  
  150  11:30  Lurker  
  150  11:32  Lurker  
  154  11:36  Hatchery, Queen x2  
  154  11:37  Queen  
  154  11:39  Lurker  
  155  11:51  Lurker  
  154  11:54  Lurker  
  151  12:04  Zergling x2  
  151  12:05  Zergling x18  
  151  12:06  Hydralisk  
  156  12:08  Lurker x3  
  156  12:09  Zergling x2  
  156  12:10  Zergling x2  
  158  12:20  Lurker x2  
  145  12:23  Zergling x2  
  145  12:24  Zergling x4  
  145  12:25  Lurker  
  145  12:26  Hydralisk x2  
  147  12:30  Drone, Spore Crawler  
  147  12:33  Zerg Missile Weapons Level 3  
  147  12:36  Lurker  
  148  12:38  Drone x2  
  150  12:46  Zergling x2  
  150  12:48  Extractor  
  150  12:52  Zergling x8  
  154  13:00  Hydralisk x3  
  154  13:03  Zergling x2, Lurker  
  154  13:04  Lurker x2  
  162  13:09  Zergling x2  
  162  13:10  Zergling x12  
  169  13:19  Lurker x2  
  157  13:21  Drone, Hydralisk x2  
  157  13:22  Zergling x6  
  161  13:27  Hydralisk x2  
  161  13:28  Hydralisk  
  161  13:31  Zergling x2  
  163  13:39  Hydralisk x3  
  163  13:44  Zergling x2  
  163  13:45  Hydralisk  
  163  13:48  Lurker  
  167  13:49  Drone x2  
  167  13:52  Hatchery  
  168  13:59  Drone  
  168  14:00  Drone x3  
  169  14:03  Drone  
  170  14:10  Zerg Ground Armor Level 3  
  170  14:13  Drone x2  
  169  14:18  Drone x3  
  169  14:19  Lurker x3  
  169  14:21  Overseer, Lurker  
  176  14:27  Drone  
  176  14:28  Drone  
  176  14:29  Spore Crawler  
  177  14:35  Lurker x4  
  180  14:38  Drone x4  
  182  14:46  Drone x2  
  182  14:50  Grooved Spines  
  181  14:52  Hydralisk  
  181  14:53  Hydralisk  
  181  14:54  Zergling x2  
  183  15:01  Lurker x2  
  183  15:03  Drone x2  
  183  15:04  Drone x3  
  183  15:05  Extractor  
  183  15:06  Extractor  
  188  15:11  Zergling x10  
  193  15:15  Hydralisk x2  
  193  15:17  Lurker x2  
  193  15:21  Spore Crawler  
  198  15:22  Pneumatized Carapace  
  198  15:32  Hatchery  
  197  15:38  Zergling x12  
  198  15:53  Lurker  
  199  15:58  Hatchery  
  199  16:01  Muscular Augments, Zerg Melee Weapons Level 1  
  199  16:02  Adrenal Glands  
  199  16:03  Baneling Nest  
  199  16:04  Overseer, Overlord  
  197  16:07  Zergling x4  
  199  16:15  Overseer x2, Overlord  
  199  16:16  Overseer  
  182  16:32  Hydralisk x5  
  164  16:34  Overseer x2  
  164  16:35  Zergling x20  
  164  16:36  Zergling x10  
  171  16:44  Hydralisk x3  
  162  16:47  Zergling x2  
  162  16:48  Zergling x16  
  171  16:57  Hydralisk x5  
  171  16:59  Lurker x4  
  185  17:05  Lurker  
  186  17:09  Hydralisk x2  
  186  17:13  Lurker  
  186  17:14  Lurker x2  
  193  17:21  Hydralisk x2  
  197  17:25  Zergling x6  
  197  17:28  Lurker x2  
  199  17:30  Centrifugal Hooks  
  199  17:33  Drone  
  199  17:35  Spore Crawler x2  
  199  17:36  Drone x3, Extractor x2  
  199  17:41  Overlord  
  199  17:42  Overlord  
  199  17:43  Overseer x3  
  198  17:46  Lurker x2  
  174  18:05  Hydralisk x6  
  147  18:08  Drone x4  
  147  18:09  Drone x2  
  147  18:10  Drone  
  147  18:11  Zergling x14  
  173  18:13  Overseer x2  
  173  18:16  Drone x3  
  173  18:19  Hydralisk  
  178  18:23  Zergling x6  
  181  18:27  Zergling x6  
  181  18:31  Overseer x3  
  181  18:33  Baneling x2  
  184  18:34  Zergling x12  
  184  18:38  Overseer x4  
  182  18:52  Zergling x20  
  182  18:53  Zergling x14  
  189  18:55  Zergling x4  
  189  18:58  Zergling x2  
  184  19:05  Overlord x5  
  178  19:11  Burrow  
  178  19:12  Pathogen Glands  
  178  19:16  Zergling x2  
  178  19:17  Zergling x2  
  180  19:19  Zerg Melee Weapons Level 2  
  180  19:24  Zergling x2  
  180  19:25  Zergling x4  
  180  19:27  Hydralisk  
  180  19:30  Zergling x12  
  190  19:42  Hydralisk x2  
  189  19:53  Overseer  
  189  19:54  Overseer  
  189  19:59  Overlord x2  
  189  20:03  Overlord  
  188  20:11  Spine Crawler x2  
  184  20:34  Spine Crawler  
  183  20:36  Overlord  
  183  20:37  Infestor x8  
  183  20:38  Neural Parasite  
  199  20:45  Lurker  
  199  20:47  Baneling x4  
  199  20:48  Baneling x8  
  199  20:49  Baneling x3  
  200  20:56  Overseer  
  200  21:23  Overseer x3  
  200  21:25  Overseer  
  188  21:49  Zergling x24  
  200  22:04  Spore Crawler  
  200  22:06  Spore Crawler x2  
  197  22:11  Spire  
  190  22:23  Spore Crawler x3  
  190  22:24  Spore Crawler  
  190  22:25  Spore Crawler  
  190  22:29  Spore Crawler  
  179  22:54  Nydus Network  
  178  23:09  Swarm Host x8, Spore Crawler x3  
  178  23:10  Spore Crawler  
  178  23:11  Zerg Melee Weapons Level 3  
  198  23:28  Zerg Flyer Weapons Level 1  
  185  23:47  Swarm Host x8  
  199  24:00  Nydus Canal  
  199  24:02  Spore Crawler  
  198  24:03  Spore Crawler  
  198  24:04  Spore Crawler  
  198  24:05  Spore Crawler  
  195  24:18  Swarm Host  
  198  24:35  Spore Crawler x2  
  196  24:43  Baneling  
  196  24:44  Baneling x17  
  196  24:45  Baneling x22  
  196  24:46  Swarm Host  
  199  24:58  Infestor x7  
  197  25:17  Zergling x4  
  196  25:24  Swarm Host  
  172  25:52  Overseer x6  
  172  25:55  Zergling x2  
  172  25:56  Zergling x60  
  164  26:06  Hydralisk x6  
  164  26:07  Swarm Host x8  
  200  26:14  Baneling x8  
  200  26:16  Overseer  
  200  26:17  Overseer x3  
  200  26:23  Nydus Canal  
  200  26:26  Baneling x8  
  200  26:35  Zergling x10  
  182  26:53  Zergling x2  
  182  26:54  Zergling x24  
  189  27:04  Zergling x14  
  196  27:10  Overseer  
  196  27:11  Overseer x3  
  196  27:14  Zergling x10  
  199  27:43  Baneling x6  
  197  27:52  Infestor x2  
  200  28:04  Baneling x3  
  200  28:05  Baneling  
  196  28:25  Zergling x2  
  196  28:26  Zergling x10  
  190  28:53  Zergling x2  
  190  28:54  Zergling x28  
Show
View Real Time Build Order
Export as new Build Order

Dream Terran - Winner!

Build Orders: Reaper Expand, Hellion Banshee 

Get SALT Encoding   

  12  0:00  SCV  
  13  0:12  SCV  
  14  0:16  Supply Depot  
  14  0:24  SCV  
  15  0:38  SCV, Barracks  
  15  0:42  Refinery  
  16  0:50  SCV  
  17  1:02  SCV  
  18  1:14  SCV  
  19  1:25  Reaper  
  19  1:26  Orbital Command  
  20  1:37  Command Center  
  20  1:48  Supply Depot  
  20  1:52  SCV  
  21  1:57  Marine  
  22  2:01  Factory  
  22  2:05  SCV  
  23  2:11  Refinery  
  24  2:17  SCV  
  24  2:20  Barracks Reactor  
  24  2:29  SCV  
  25  2:41  SCV  
  26  2:49  Orbital Command  
  26  2:51  Starport  
  26  2:53  SCV  
  27  3:03  Hellion  
  27  3:04  Hellion  
  31  3:05  SCV  
  32  3:15  SCV  
  32  3:16  Barracks Tech Lab  
  32  3:17  SCV  
  34  3:25  Hellion x2  
  38  3:27  Supply Depot, SCV  
  38  3:30  SCV  
  40  3:39  Cloaking Field, SCV  
  40  3:40  Banshee  
  44  3:42  SCV  
  45  3:49  Hellion x2  
  45  3:51  SCV  
  45  3:54  Supply Depot, SCV  
  51  4:04  SCV  
  51  4:06  SCV  
  53  4:10  Command Center  
  53  4:15  Barracks Tech Lab  
  53  4:20  Supply Depot  
  53  4:22  SCV x2  
  53  4:23  Banshee  
  58  4:32  Factory Reactor  
  58  4:34  Stimpack  
  58  4:35  SCV  
  58  4:37  SCV  
  58  4:38  Barracks  
  60  4:39  Barracks  
  61  4:47  SCV  
  61  4:49  SCV, Engineering Bay  
  61  4:51  Engineering Bay  
  61  4:52  Refinery  
  62  4:54  Refinery  
  62  4:59  SCV  
  63  5:00  Marine  
  63  5:01  SCV  
  65  5:11  SCV  
  65  5:13  SCV  
  66  5:17  Terran Infantry Armor Level 1, Terran Infantry Weapons Level 1, Marine, Starport Reactor  
  66  5:23  SCV  
  66  5:25  SCV, Marine x2  
  70  5:30  Supply Depot  
  70  5:33  Orbital Command  
  70  5:34  Marine x2  
  72  5:36  SCV  
  72  5:38  Marine  
  72  5:42  SCV  
  75  5:43  Siege Tank  
  75  5:46  Marine  
  75  5:47  Marine  
  75  5:48  SCV  
  81  5:52  Marine, Barracks  
  81  5:54  Barracks  
  81  5:56  SCV  
  83  6:00  Medivac x2, SCV  
  83  6:01  Marine x2  
  86  6:08  SCV, Marine x2  
  86  6:09  Orbital Command  
  89  6:13  Supply Depot  
  89  6:14  Supply Depot  
  89  6:16  Siege Tank  
  92  6:18  SCV  
  92  6:24  Supply Depot  
  92  6:25  Supply Depot  
  93  6:27  Armory  
  93  6:34  Marine x5  
  93  6:35  SCV  
  93  6:36  Combat Shield  
  93  6:38  SCV  
  100  6:41  Supply Depot  
  100  6:42  Supply Depot, SCV  
  101  6:47  SCV  
  101  6:51  SCV  
  101  6:52  Medivac x2  
  107  6:57  Marauder  
  107  6:58  Barracks Tech Lab, Marine x4  
  107  6:59  Barracks Tech Lab  
  113  7:03  SCV x2  
  113  7:04  Siege Tank  
  113  7:05  SCV  
  119  7:09  Refinery  
  119  7:15  SCV  
  119  7:16  Supply Depot, SCV  
  119  7:18  Terran Infantry Weapons Level 2  
  119  7:21  Marine x3  
  124  7:28  Terran Infantry Armor Level 2  
  124  7:29  Marauder, Marine  
  124  7:32  Marauder x2  
  124  7:33  SCV x2  
  124  7:35  Supply Depot  
  129  7:38  SCV  
  129  7:40  Siege Tank  
  129  7:42  Refinery  
  133  7:44  Marine  
  133  7:45  Marine x2  
  133  7:47  Supply Depot x2, Concussive Shells  
  133  7:48  Supply Depot, SCV x2  
  138  7:52  Marauder, Marine  
  138  7:57  Marauder x2  
  145  8:13  Marine  
  145  8:14  Marine  
  145  8:17  Marauder, Marine  
  145  8:18  Marauder  
  152  8:20  Siege Tank, Command Center  
  152  8:21  Factory  
  152  8:26  Medivac  
  159  8:30  Terran Vehicle Weapons Level 1  
  159  8:31  Marauder  
  159  8:34  Marine x3  
  159  8:38  Marauder  
  159  8:40  Marauder  
  164  8:43  SCV x3  
  164  8:45  Supply Depot  
  164  8:46  Supply Depot  
  167  8:51  Marine  
  167  8:52  Marine  
  167  8:53  Marauder  
  167  8:54  Barracks  
  171  8:57  Siege Tank  
  171  8:58  Barracks  
  172  9:03  Marauder x2  
  176  9:10  Marine x2  
  176  9:13  Marine  
  176  9:14  Marauder  
  172  9:24  Marauder  
  172  9:25  Marauder  
  172  9:28  Marine x2  
  172  9:29  Marine  
  169  9:35  Marauder  
  169  9:37  Siege Tank, Factory Tech Lab  
  171  9:41  Marine  
  171  9:42  Marine  
  173  9:46  Marauder x2, Marine  
  173  9:48  Marine x2  
  180  9:56  Medivac  
  180  9:57  Marauder, Medivac  
  180  10:03  Marine  
  180  10:06  Marine x2  
  180  10:07  Marauder x2, Barracks Tech Lab, Marine  
  171  10:08  Barracks Tech Lab  
  171  10:09  Siege Tank  
  171  10:11  Siege Tank  
  180  10:14  SCV x2  
  180  10:15  SCV  
  180  10:18  Marauder  
  185  10:21  Marine  
  185  10:23  Terran Infantry Weapons Level 3, Terran Infantry Armor Level 3  
  185  10:25  Marine  
  185  10:26  Marine  
  185  10:27  Marauder  
  187  10:29  Marauder  
  187  10:37  Marauder, Marine x2  
  187  10:39  Marine x2  
  187  10:41  Siege Tank  
  196  10:48  Marauder  
  187  10:51  Marauder, Marine  
  187  10:53  Marine  
  187  10:55  Marauder  
  178  10:57  Marauder  
  178  10:58  Marauder  
  178  11:02  Siege Tank  
  180  11:05  Marine  
  180  11:06  Marine  
  180  11:09  Marauder, Marine  
  156  11:12  Marauder  
  156  11:13  Siege Tank  
  156  11:15  Medivac x2  
  156  11:17  Marauder  
  164  11:19  Marauder  
  164  11:23  SCV  
  166  11:27  Planetary Fortress  
  166  11:29  Marine x2  
  165  11:33  Marine x2  
  165  11:34  Marauder, Siege Tank, Command Center  
  172  11:41  Marauder  
  172  11:45  Marauder  
  172  11:47  Marine x2  
  176  11:49  Terran Vehicle Weapons Level 2  
  176  11:50  Siege Tank  
  176  11:52  Refinery  
  176  11:53  Refinery  
  180  12:05  Marauder  
  180  12:07  Marauder x2  
  180  12:08  Siege Tank  
  185  12:09  Marine  
  173  12:22  Siege Tank  
  173  12:28  Ghost Academy  
  171  12:30  Factory  
  171  12:32  Command Center  
  171  12:37  Command Center  
  171  12:39  Marine x3  
  171  12:40  Siege Tank  
  171  12:41  Marine  
  171  12:42  Marine  
  179  12:45  Orbital Command  
  179  12:46  Missile Turret  
  179  12:47  Sensor Tower  
  179  12:49  Missile Turret  
  179  12:51  Sensor Tower  
  179  12:56  Siege Tank  
  161  13:06  Marine x3  
  161  13:07  Ghost x3  
  170  13:13  Ghost  
  158  13:32  Siege Tank x2  
  155  13:41  Viking  
  155  13:42  Viking, Ghost x2  
  155  13:43  Ghost x2  
  155  13:45  Orbital Command  
  164  13:57  Missile Turret  
  164  13:59  Ghost  
  166  14:09  Siege Tank  
  169  14:10  Orbital Command  
  169  14:11  Ghost x2  
  173  14:19  Siege Tank, Command Center  
  173  14:20  Factory Tech Lab  
  173  14:23  Terran Vehicle Weapons Level 3  
  176  14:33  Planetary Fortress  
  176  14:36  Refinery  
  176  14:38  Refinery  
  176  14:41  Missile Turret  
  176  14:43  Viking  
  176  14:45  Sensor Tower  
  178  14:47  Viking  
  180  14:59  Command Center  
  180  15:09  Siege Tank x2  
  180  15:13  Siege Tank  
  189  15:34  Neosteel Armor  
  188  15:36  Ghost x4  
  188  15:39  Orbital Command  
  196  15:45  Siege Tank  
  199  16:13  Missile Turret  
  199  16:18  Orbital Command  
  167  16:29  Siege Tank  
  167  16:30  Siege Tank  
  148  16:36  Ghost  
  146  16:42  Ghost x2  
  146  16:43  Siege Tank  
  138  16:48  Ghost  
  138  16:50  Ghost  
  138  16:51  Marine x4  
  146  16:58  Viking x2  
  150  17:01  Siege Tank  
  150  17:02  Siege Tank  
  150  17:05  Ghost  
  150  17:07  Personal Cloaking  
  158  17:09  Ghost Academy, Marine x3  
  158  17:11  Ghost  
  158  17:12  Missile Turret  
  158  17:14  Ghost  
  158  17:15  Siege Tank, Marine  
  166  17:16  Ghost  
  166  17:19  Marine  
  172  17:26  Marine  
  172  17:27  Marine x2  
  175  17:30  Missile Turret  
  175  17:34  Missile Turret  
  175  17:35  Liberator x2  
  184  17:37  Siege Tank  
  184  17:38  Siege Tank  
  187  17:48  Siege Tank  
  190  17:58  Ghost x2  
  177  18:02  Orbital Command  
  164  18:07  Marine x5  
  164  18:09  Siege Tank  
  172  18:12  Nuke  
  172  18:13  Ghost Academy  
  172  18:14  Marine  
  174  18:22  Missile Turret  
  174  18:23  Command Center  
  173  18:32  Refinery  
  173  18:33  Nuke  
  173  18:37  Siege Tank x2  
  176  18:45  Refinery  
  162  19:05  Siege Tank, Ghost x3  
  162  19:07  Marine x2  
  162  19:09  Siege Tank x2, Marine  
  179  19:10  Orbital Command  
  179  19:13  Marine  
  181  19:23  Missile Turret  
  181  19:25  Sensor Tower  
  181  19:29  Command Center  
  181  19:33  Marine  
  181  19:34  Marine x3  
  181  19:35  Marine  
  182  19:47  Siege Tank x2  
  182  19:51  Missile Turret  
  187  19:54  Nuke x2  
  187  20:04  Ghost  
  187  20:06  Marine x3  
  192  20:10  Marine x3  
  192  20:12  Orbital Command  
  194  20:14  Refinery  
  194  20:19  Nuke  
  185  20:38  Siege Tank x2  
  185  20:39  Missile Turret  
  191  20:45  Planetary Fortress  
  191  20:47  Missile Turret, Marine x5  
  196  20:51  Command Center  
  196  20:57  Nuke  
  194  21:15  Siege Tank x2  
  198  21:43  Nuke x2  
  198  21:45  Terran Vehicle And Ship Armor Level 1  
  196  21:51  Enhanced Shockwaves  
  195  22:08  Missile Turret  
  195  22:10  Missile Turret  
  192  22:19  Orbital Command  
  192  22:20  Viking x2  
  196  22:27  Command Center  
  196  22:41  Missile Turret  
  196  22:49  Orbital Command  
  196  23:10  Nuke  
  187  23:47  Planetary Fortress  
  187  23:51  Viking x2  
  187  23:54  Terran Vehicle And Ship Armor Level 2  
  175  24:22  Siege Tank x3  
  175  24:24  Marine x3  
  179  24:26  Marine  
  179  24:27  Ghost  
  179  24:28  Ghost x4  
  191  24:42  Starport  
  191  24:43  Fusion Core  
  191  24:55  Marine x4  
  191  24:56  Marine x4, Ghost  
  183  25:13  Marine x2  
  185  25:16  Siege Tank x3  
  194  25:24  Marine x4  
  198  25:41  Ghost x3  
  200  25:46  Marine  
  142  25:57  Viking  
  142  25:59  Viking  
  142  26:00  Ghost  
  142  26:01  Ghost, Starport Reactor  
  142  26:02  Siege Tank x3, Marine x3  
  161  26:04  Marine  
  161  26:07  Advanced Ballistics  
  161  26:10  Ghost x3  
  161  26:11  Terran Ship Weapons Level 1  
  168  26:20  Marine x3  
  168  26:22  Marine  
  172  26:29  Ghost x2  
  173  26:34  Siege Tank  
  173  26:38  Ghost, Marine x3  
  173  26:39  Marine x2  
  176  26:40  Marine  
  167  26:56  Ghost, Marine x4  
  167  26:58  Marine x3  
  176  27:07  Marine  
  174  27:13  Marine  
  174  27:14  Marine x3  
  178  27:15  Marine, Ghost  
  178  27:16  Marine  
  178  27:25  Marine x2  
  180  27:31  Marine x3  
  180  27:32  Ghost  
  180  27:33  Marine, Ghost  
  188  27:42  Ghost x2  
  188  27:44  Ghost  
  192  27:49  Marine x3  
  197  27:51  Marine  
  195  28:00  Ghost  
  195  28:02  Ghost  
  193  28:07  Marine x3  
  193  28:09  Marine  
  193  28:11  Marine x2  
  197  28:24  Marine  
  196  28:27  Marine  
  196  28:28  Marine x3  
  200  28:43  Ghost  
  200  28:45  Marine  
  200  28:52  Marine  

Tags
 
Add a new tag
Caveats
  • Supply blocks, unpowered buildings, or Contaminate may cause inaccurate times.
  • Supply counts are checked every 10 seconds.